 Dungeon Sprint DCSS version 0.19.1-1-g22dce08 (webtiles) character file.

663 Kagutsuchi the Fighter (level 7, -15/105 (109) HPs)
             Began as a Mottled Draconian Berserker on Dec 29, 2016.
             Was a Believer of Trog.
             Demolished by a tyrant leech (28 damage)
             ... in the Dungeon (Sprint II: "The Violet Keep of Menkaure").
             The game lasted 00:00:56 (425 turns).

Kagutsuchi the Fighter (Mottled Draconian Berserker) Turns: 425, Time: 00:00:56

HP:   -15/105 (109) AC:  6    Str: 24    XL:     7   Next: 31%
MP:   7/7           EV: 17    Int:  7    God:    Trog [**....]
Gold: 243           SH:  0    Dex: 13    Spells: 0 memorised, 6 levels left

rFire  . . .     SeeInvis .     a - +0 falchion
rCold  . . .     Gourm    .     (armour unavailable)
rNeg   . . .     Faith    .     (no shield)
rPois  .         Spirit   .     (helmet restricted)
rElec  .         Reflect  .     (no cloak)
rCorr  .         Harm     .     (no gloves)
MR     .....     NoTele   +     (no boots)
Stlth  ..........               (no amulet)
                                (no ring)
                                (no ring)

@: berserking (expiring), very quick
A: breathe sticky flame splash, unfitting armour, cold-blooded, AC +6
a: Breathe Sticky Flame, Berserk, Trog's Hand, Burn Spellbooks, Renounce
Religion


You were in the Dungeon.
You worshipped Trog.
Trog was pleased with you.
You were not hungry.

You visited 1 branch You collected 243 gold pieces.

Inventory:

Hand Weapons
 a - a +0 falchion (weapon)
Scrolls
 h - a scroll of blinking
Potions
 c - a potion of curing
 d - a potion of heal wounds
 e - a potion of haste
 f - 2 potions of magic
 g - a potion of berserk rage
Comestibles
 b - a bread ration


   Skills:
 + Level 10.5 Fighting
 + Level 10.0 Long Blades
 + Level 8.6 Dodging
 + Level 0.6 Stealth


You had 6 spell levels left.
You didn't know any spells.

Dungeon Overview and Level Annotations

Branches:
Dungeon (1/1)

Altars:


Innate Abilities, Weirdness & Mutations

You can spit globs of burning liquid.
You can ignite nearby creatures when you spit burning liquid.
Your weird mottled scales are hard. (AC +6)
You cannot fit into any form of body armour.
You are cold-blooded and may be slowed by cold attacks.


Message History

The tyrant leech is moderately wounded.
You hit the tyrant leech but do no damage.
The tyrant leech is moderately wounded.
You miss the tyrant leech.
The tyrant leech is moderately wounded.
The tyrant leech bites you!!
* * * LOW HITPOINT WARNING * * *
The tyrant leech draws strength from your injuries!
You closely miss the tyrant leech. You hit the tyrant leech.
The tyrant leech is lightly wounded.
The tyrant leech bites you!!
* * * LOW HITPOINT WARNING * * *
The tyrant leech draws strength from your injuries!
You slash the tyrant leech!
Your tail-slap misses the tyrant leech.
The tyrant leech is moderately wounded.
You slash the tyrant leech!
Your tail-slap misses the tyrant leech.
The tyrant leech is moderately wounded.
The tyrant leech bites you!!
You die...

##+##
##...##
#.)#..#
#...# #
##'## .##
##.##...#
+.<.รท#
##@##...#
#w# .##
w#. # ..
.. ##.
.## ## ##


You could see 2 tyrant leeches.

Vanquished Creatures
  A siren (D)
  4 necrophages (D)
5 creatures vanquished.

Vanquished Creatures (others)
  A crocodile (D)
1 creature vanquished.

Grand Total: 6 creatures vanquished

Notes
Turn   | Place    | Note
-------+----------+-------------------------------------------
     0 | D        | Kagutsuchi the Draconian Berserker began the quest for the Orb.
     0 | D        | Reached XP level 1. HP: 19/19 MP: 1/1
     1 | D        | Noticed a necrophage
     1 | D        | Noticed a necrophage
     1 | D        | Noticed a necrophage
     1 | D        | Noticed a necrophage
     7 | D        | Killed a necrophage
     7 | D        | Reached skill level 5 in Long Blades
     7 | D        | Reached skill level 5 in Dodging
     7 | D        | Reached XP level 2. HP: 30/30 MP: 2/2
     7 | D        | Reached XP level 3. HP: 37/37 MP: 3/3
     7 | D        | Reached XP level 4. HP: 44/44 MP: 4/4
    14 | D        | Killed a necrophage
    14 | D        | Reached XP level 5. HP: 52/52 MP: 5/5
    25 | D        | Killed a necrophage
    25 | D        | Reached ** piety under Trog
    29 | D        | Killed a crocodile
    31 | D        | Killed a necrophage
    31 | D        | Reached XP level 6. HP: 13/60 MP: 6/6
   363 | D        | Noticed a siren
   392 | D        | Killed a siren
   392 | D        | Reached skill level 10 in Fighting
   392 | D        | Reached skill level 10 in Long Blades
   392 | D        | Your scales start taking on a weird mottled colour.
   392 | D        | Reached XP level 7. HP: 57/70 MP: 7/7
   399 | D        | Noticed a tyrant leech
   399 | D        | Noticed a tyrant leech
   425 | D        | Demolished by a tyrant leech

Skill      XL: |  1  2  3  4  5  6 |
---------------+-------------------+-----
Fighting       | 6 7 9 10 | 10.5
Long Blades    | 5 7 8 10 | 10.0
Dodging        | 5 6 7 8 |  8.6
Stealth        | |  0.6

Action                   |  1- 3 |  4- 6 |  7- 9 || total
-------------------------+-------+-------+-------++-------
Melee: Falchion          |     5 |    47 |    25 ||    77
       Tailslap          |       |    11 |     2 ||    13
Invok: Berserk           |     1 |       |     1 ||     2
Armor: Skin              |       |       |     1 ||     1
Dodge: Dodged            |     1 |    11 |     3 ||    15
       Rpst.: Falchion   |       |     1 |       ||     1
